 Dungeon Crawl Stone Soup version 0.25.1-2-g60ff931df9 (webtiles) character file.

Game seed: 3514874157828692042

2 lepoulpe303 the Twirler (level 1, -2/17 HPs)
             Began as a Barachi Gladiator on Sept 2, 2020.
             Slain by a hobgoblin
             ... wielding a +0 club
              (6 damage)
             ... on level 1 of the Dungeon.
             The game lasted 00:00:41 (25 turns).

lepoulpe303 the Twirler (Barachi Gladiator)           Turns: 25, Time: 00:00:41

Health: -2/17      AC:  4    Str: 15    XL:     1   Next: 40%
Magic:  1/1        EV: 13    Int:  8    God:
Gold:   0          SH:  0    Dex: 13    Spells: 0/0 levels left

rFire    . . .     SeeInvis .   a - +0 quarterstaff
rCold    . . .     Gourm    .   (shield currently unavailable)
rNeg     . . .     Faith    .   b - +0 leather armour
rPois    .         Spirit   .   c - +0 helmet
rElec    .         Reflect  .   (no cloak)
rCorr    .         Harm     .   (no gloves)
MR       .....                  (no boots)
Stlth    +.........             (no amulet)
HPRegen  0.05/turn              (no ring)
MPRegen  0.07/turn              (no ring)

@: slow
A: +LOS, swims, slowness 1, strong legs 1
a: Hop


You were on level 1 of the Dungeon.
You were not hungry.

You visited 1 branch of the dungeon, and saw 1 of its levels.

Inventory:

Hand Weapons
 a - a +0 quarterstaff (weapon)
Missiles
 d - 3 throwing nets {=f}
Armour
 b - a +0 leather armour (worn)
 c - a +0 helmet (worn)
Comestibles
 e - a ration


   Skills:
 + Level 2.4 Fighting
 * Level 3.3 Staves
 + Level 2.0 Throwing
 + Level 0.2 Armour
 + Level 3.3 Dodging


You couldn't memorise any spells.
You didn't know any spells.
Your spell library was empty.

Dungeon Overview and Level Annotations

Branches:
Dungeon (1/15)

Altars:


Innate Abilities, Weirdness & Mutations

You can be seen from farther away. (+LOS)
You can swim through water.
You cover ground slowly.
You can hop short distances.


Message History

You kill the frilled lizard!
A hobgoblin comes into view. It is wielding a +0 club.
The frilled lizard barely misses you.
The hobgoblin shouts!
You sock the frilled lizard!
You kill the frilled lizard!
The hobgoblin hits you with a +0 club!
* * * LOW HITPOINT WARNING * * *
You take 7 damage, and have 10/17 hp.
MASSIVE DAMAGE!!
Your leather armour prevents you from hitting the hobgoblin.
The hobgoblin hits you but does no damage.
You hit the hobgoblin. The hobgoblin hits you with a +0 club.
* * * LOW HITPOINT WARNING * * *
You take 6 damage, and have 4/17 hp.
MASSIVE DAMAGE!!
You closely miss the hobgoblin.
A hobgoblin comes into view.
The hobgoblin hits you with a +0 club.
You die...

..(. ...## .g...
##...##
.....##.(...#####
....#..........##
...K............# ..
...............##
......#............#
......#.g..8##.....#
.......†@...##8....#
................)..#
....$.##..........##
..... ##.........#
#... ###.......# ###
##.....## ###...#
##<## ###


You could see 2 hobgoblins and a kobold.

Levels and vault maps discovered:
D:1:      eino_arrival_cavern_d, layout_rooms, dk_noncrumbling_4

Notes
Turn   | Place    | Note
-------+----------+-------------------------------------------
     0 | D:1      | lepoulpe303 the Barachi Gladiator began the quest for the
                  | Orb.
     0 | D:1      | Reached XP level 1. HP: 17/17 MP: 1/1
     0 | D:1      | Identified a +0 dagger
    15 | D:1      | Identified a +0 club
    20 | D:1      | Identified a +0 dagger
    21 | D:1      | Identified a +0 club
    24 | D:1      | HP: 4/17 [hobgoblin/+0 club (6)]
    25 | D:1      | Slain by a hobgoblin

Table legend:
 A = Turns spent in this place as a percentage of turns spent in the entire game.
 B = Non-inter-level travel turns spent in this place as a percentage of non-inter-level travel turns spent in the entire game.
 C = Inter-level travel turns spent in this place as a percentage of turns spent in this place.
 D = Turns resting spent in this place as a percentage of non-inter-level travel turns spent in this place.
 E = Turns spent auto-exploring this place as a percentage of non-inter-level travel turns spent in this place.
 F = Non-inter-level travel turns spent in this place divided by the number of levels of this place that you've seen.
                   A       B       C       D       E      F
               +-------+-------+-------+-------+-------+----------------------
         Total | 100.0 | 100.0 |   0.0 |   0.0 |  16.0 |  25.0
       Dungeon | 100.0 | 100.0 |   0.0 |   0.0 |  16.0 |  25.0
               +-------+-------+-------+-------+-------+----------------------

Table legend:
 A = Kills in this place as a percentage of kills in entire the game.
 B = Kills by you in this place as a percentage of kills by you in the entire game.
 C = Kills by friends in this place as a percentage of kills by friends in the entire game.
 D = Other kills in this place as a percentage of other kills in the entire game.
 E = Experience gained in this place as a percentage of experience gained in the entire game.
 F = Experience gained in this place divided by the number of levels of this place that you have seen.
                   A       B       C       D       E      F
               +-------+-------+-------+-------+-------+----------------------
         Total | 100.0 | 100.0 |   N/A |   N/A | 100.0 |   4.0
       Dungeon | 100.0 | 100.0 |   N/A |   N/A | 100.0 |   4.0
               +-------+-------+-------+-------+-------+----------------------

Action                   || total
-------------------------++-------
Melee: Quarterstaff      ||    12
Armor: Leather armour    ||     3
Dodge: Dodged            ||     6

Vanquished Creatures
  2 frilled lizards (D:1)
  A kobold (D:1)
  A rat (D:1)
4 creatures vanquished.
